 Dungeon Crawl Stone Soup version 0.23.2-33-g5129a83184 (webtiles) character file.

Game seed: 9984440119349909022

126 Bapho the Poker (level 5, -5/41 HPs)
             Began as a Merfolk Skald on July 4, 2019.
             Was an Initiate of the Shining One.
             Slain by an orc
             ... wielding a +4 flail
              (8 damage)
             ... on level 2 of the Dungeon.
             The game lasted 00:04:23 (2190 turns).

Bapho the Poker (Merfolk Skald)                     Turns: 2190, Time: 00:04:23

Health: -5/41      AC:  3    Str: 11    XL:     5   Next: 10%
Magic:  6/8        EV: 13    Int: 12    God:    the Shining One [......]
Gold:   104        SH:  0    Dex: 15    Spells: 3/8 levels left

rFire    . . .     SeeInvis .   a - +0 spear
rCold    . . .     Gourm    .   (no shield)
rNeg     . . .     Faith    .   b - +0 leather armour
rPois    .         Spirit   .   (no helmet)
rElec    .         Reflect  .   (no cloak)
rCorr    .         Harm     .   (no gloves)
MR       .....                  (no boots)
Stlth    +.........             (no amulet)
HPRegen  0.13/turn              (no ring)
MPRegen  0.11/turn              (no ring)

@: very slightly contaminated, glowing
A: change form in water, swift swim, stealthy swim
a: Renounce Religion


You were on level 2 of the Dungeon.
You worshipped the Shining One.
The Shining One was noncommittal.
You were hungry.

You visited 1 branch of the dungeon, and saw 3 of its levels.

You collected 104 gold pieces.

Inventory:

Hand Weapons
 a - a +0 spear (weapon)
Missiles
 i - 63 stones (quivered)
Armour
 b - a +0 leather armour (worn)
Scrolls
 c - 2 scrolls of enchant armour {unknown}
 j - 2 scrolls of blinking {unknown}
 k - a scroll of noise {unknown}
Potions
 e - a potion of agility {unknown}
 f - a potion of mutation {unknown}
 g - 3 potions of curing {unknown}
 h - a potion of degeneration {unknown}
Comestibles
 d - 4 rations


   Skills:
 + Level 3.3 Fighting
 * Level 5.6 Polearms
 - Level 0.6 Armour
 + Level 4.0 Dodging
 - Level 2.0 Spellcasting
 - Level 3.2 Charms


You had 3 spell levels left.
You knew the following spells:

 Your Spells              Type           Power        Failure   Level  Hunger
a - Infusion              Chrm           #...         10%         1    ##.....
b - Song of Slaying       Chrm           #.......     14%         2    ###....
c - Shroud of Golubria    Chrm/Tloc      #.........   28%         2    ###....

Your spell library contained the following spells:

 Spells                   Type           Power        Failure   Level  Hunger
 Regeneration             Chrm/Necr      #.........   50%         3    ####...
 Spectral Weapon          Hex/Chrm       #.......     50%         3    ####...


Dungeon Overview and Level Annotations

Branches:
Dungeon (3/15)

Altars:
Trog
The Shining One


Message History

The orc priest is moderately wounded.
Your shroud begins to fray at the edges.
The orc hits you with a +4 flail.
You hit the orc priest.
The orc priest is moderately wounded.
The orc priest mumbles some strange prayers to Beogh against you.
Beogh smites you!
You hit the orc priest but do no damage.
The orc priest is moderately wounded.
The orc priest barely misses you.
You climb upwards.
There is a stone staircase leading down here.
The orc priest invokes the aid of Beogh against you.
Pain shoots through your body!
Your shroud unravels.
The orc priest calls down the wrath of Beogh upon you.
Beogh smites you!
* * * LOW HITPOINT WARNING * * *
You completely miss the orc. The orc hits you with a +4 flail!
You die...

#.#.#.####.........#........#....
#.....#............#........#....
###.#รท#.##.#+#'#...#........'....
....#..............#........####.
###.###.##.#.#.........####.# #.
#.....##........o....# #.####.
###########.#.###.#.### #.#....
#<..........#.###.#.# #.#.#..
###########....@o.#.# #.#.#..
#...#####.# ##.#.##.
########.#.#####.# #....)..
#................# #..#.##(
#.#####..#.####### ##.......
#..........# ##...#.##.
#....##..### #.........
#.##.##..### ##........
#.##)......# ###.#.###


You could see an orc.

Vanquished Creatures
  Jessica (D:2)
  Terence (D:2)
  3 adders (D:2)
  3 dart slugs (D:1)
  2 giant cockroaches
  8 goblins
  5 hobgoblins
  A jackal (D:2)
  12 bats
  4 frilled lizards
  3 kobolds
  4 rats
47 creatures vanquished.

Notes
Turn   | Place    | Note
-------+----------+-------------------------------------------
     0 | D:1      | Bapho the Merfolk Skald began the quest for the Orb.
     0 | D:1      | Reached XP level 1. HP: 16/16 MP: 3/3
   168 | D:1      | Reached XP level 2. HP: 23/23 MP: 5/5
   192 | D:1      | Learned a level 2 spell: Song of Slaying
   195 | D:1      | Learned a level 2 spell: Shroud of Golubria
   407 | D:1      | Reached skill level 4 in Polearms
   493 | D:1      | Reached XP level 3. HP: 28/28 MP: 6/6
  1125 | D:2      | Found a glowing golden altar of the Shining One.
  1419 | D:2      | Became a worshipper of the Shining One
  1458 | D:2      | Noticed Terence
  1470 | D:2      | Killed Terence
  1470 | D:2      | Reached skill level 5 in Polearms
  1470 | D:2      | Reached XP level 4. HP: 35/35 MP: 2/7
  1638 | D:2      | Noticed Jessica
  1646 | D:2      | Killed Jessica
  1802 | D:2      | Reached XP level 5. HP: 38/41 MP: 4/8
  2058 | D:2      | Found a bloodstained altar of Trog.
  2190 | D:2      | Slain by an orc

Skill      XL: |  1  2  3  4 |
---------------+-------------+-----
Dodging        | 3 4 |  4.0
Polearms       | 4 5 |  5.6
Fighting       | 3 |  3.3
Armour         | |  0.6
Spellcasting   | |  2.0
Charms         | |  3.2

Action                   |  1- 3 |  4- 6 || total
-------------------------+-------+-------++-------
Melee: Spear             |   127 |    49 ||   176
Throw: Stone             |    23 |    13 ||    36
 Cast: Infusion          |     8 |     2 ||    10
       Shroud of Golubri |     4 |     2 ||     6
  Eat: Chunk             |     2 |     2 ||     4
Armor: Leather armour    |    26 |     3 ||    29
Dodge: Dodged            |    65 |    17 ||    82
